 Dungeon Crawl Stone Soup version 0.30-a0-883-g5ad918d77d (webtiles) character file.

Game seed: 18310729103920277860

1 Pimp the Ruffian (level 1, 0/13 HPs)
             Began as a Formicid Wanderer on Mar 16, 2023.
             Slain by a goblin
             ... wielding a +2 dagger of flaming
              (1 damage)
             ... on level 2 of the Dungeon.
             The game lasted 00:00:39 (20 turns).

Pimp the Ruffian (Formicid Wanderer)                  Turns: 20, Time: 00:00:40

Health: 0/13       AC:  3    Str: 17    XL:     1   Next: 22%
Magic:  2/2        EV: 11    Int:  9    God:
Gold:   0          SH:  0    Dex: 14    Spells: 1/2 levels left

rFire   . . .      SeeInvis +      - Unarmed
rCold   . . .      Faith    .    (no shield)
rNeg    . . .      Spirit   .    e - +0 leather armour
rPois   .          Reflect  .    (helmet unavailable)
rElec   .          Rampage  .    (no cloak)
rCorr   .                        (no gloves)
Will    .....                    (no boots)
Stlth   ++                       (no amulet)
HPRegen 0.22/turn                (no ring)
MPRegen 0.08/turn                (no ring)

@: no status effects
A: permanent stasis, dig shafts and tunnels, antennae 3, four strong arms
a: Dig, Shaft Self


You were on level 2 of the Dungeon.
You visited 1 branch of the dungeon, and saw 2 of its levels.

Inventory:

Hand Weapons
 a - a +0 club
Armour
 e - a +0 leather armour (worn)
Wands
 c - a wand of flame (6) (quivered)
Scrolls
 d - a scroll of fog
 g - a scroll of noise {unknown}
Potions
 b - a potion of heal wounds
 f - a potion of invisibility


   Skills:
 + Level 1.3 Stealth
 + Level 5.0 Unarmed Combat
 + Level 1.1 Spellcasting
 + Level 1.0 Translocations
 + Level 2.2 Evocations


You had one spell level left.
You knew the following spells:

 Your Spells              Type           Power      Damage    Failure   Level
a - Apportation           Tloc           4%         N/A       30%         1

Your spell library contained the following spells:

 Spells                   Type           Power      Damage    Failure   Level
 Vhi's Electric Charge    Tloc/Air       2%         N/A       73%         3


Dungeon Overview and Level Annotations

Branches:
Dungeon (1/15)

Altars:


Innate Abilities, Weirdness & Mutations

You cannot be hasted, slowed, berserked, paralysed or teleported.
You can dig through walls and to a lower floor.
You have a pair of large antennae on your head. (SInv)
Your four strong arms can wield two-handed weapons with a shield.


Message History

Found a staircase leading out of the dungeon.
You begin with the following items: a +0 club, a potion of heal wounds, a wand of flame (6), a scroll of fog, a +0 leather armour, a potion of invisibility; and the following spell memorised: Apportation; and the following spells available to memorise: Vhi's Electric Charge.
Okay, then.
Found a leather armour.
g - a scroll labelled KEAJETHR OPELY A sourceless malevolence fills the Dungeon...
You fall into a shaft and drop 1 floor!
The shaft crumbles and collapses.
A ball python comes into view.
Found a stone staircase leading down.
You are now empty-handed.
The ball python hisses angrily.
A ball python is nearby!
A goblin comes into view. It is wielding a +2 dagger of flaming.
Found a clear potion.
The goblin shouts!
The ball python bites you but does no damage.
The ball python grabs you. The ball python constricts you.
You barely miss the ball python.
The ball python bites you but does no damage.
The ball python constricts you.
You closely miss the ball python. The ball python barely misses you.
The ball python constricts you.
The goblin hits you with a +2 dagger of flaming.
The goblin burns you.
You closely miss the ball python. The ball python bites you.
The ball python constricts you.
The goblin hits you with a +2 dagger of flaming.
The goblin burns you.
* * * LOW HITPOINT WARNING * * *
You hit the ball python.
You kill the ball python!
The goblin hits you with a +2 dagger of flaming.
* * * LOW HITPOINT WARNING * * *
The goblin burns you.
* * * LOW HITPOINT WARNING * * *
The goblin hits you with a +2 dagger of flaming.
* * * LOW HITPOINT WARNING * * *
The goblin burns you.
You die...

### #.#..
#.#.#
########.#.#
........#.#
#......#.#
#.!....#.#
#...g..#.#
#...@....#
#........#
#........#
#.#>.#.#.#
...#..#.#.#
..# #..#.#.#
... #..#.#.#
.. #.......


You could see a goblin.

Vanquished Creatures
  A ball python (D:2)
1 creature vanquished.

Notes
Turn   | Place    | Note
-------+----------+-------------------------------------------
     0 | D:1      | Pimp the Formicid Wanderer began the quest for the Orb.
     0 | D:1      | Pimp set off with the following items: a +0 club, a potion
                  | of heal wounds, a wand of flame (6), a scroll of fog, a +0
                  | leather armour, a potion of invisibility; and the following
                  | spell memorised: Apportation; and the following spells
                  | available to memorise: Vhi's Electric Charge.
     0 | D:1      | Reached XP level 1. HP: 13/13 MP: 2/2
    10 | D:1      | You fall into a shaft and drop 1 floor!
    20 | D:2      | Slain by a goblin

Illustrated notes

Levels and vault maps discovered:
D:1:      roderic_octagonal_star, layout_basic
D:2:      layout_basic

Action                     || total
---------------------------++-------
  Melee: Unarmed           ||     4
 Armour: Leather armour    ||     2
  Dodge: Dodged            ||     1

Table legend: (Time is in decaauts)
 A = Elapsed time spent in this place.
 B = Non-inter-level travel time spent in this place.
 C = Inter-level travel time spent in this place.
 D = Time resting spent in this place.
 E = Time spent auto-exploring this place.
 F = Levels seen in this place.
 G = Mean time per level.
                   A        B        C        D        E       F      G
               +--------+--------+--------+--------+--------+-----+--------+
         Total |     18 |     18 |      0 |      0 |      7 |   2 |    9.0 |
       Dungeon |     18 |     18 |      0 |      0 |      7 |   2 |    9.0 |
               +--------+--------+--------+--------+--------+-----+--------+

Top non-repeatable levels by time:
     D:1: 10 daAuts
     D:2: 8 daAuts
